 Dungeon Crawl Stone Soup version 0.24-a0-170-gd8427f5 (webtiles) character file.

Game seed: 2994803347115393147

203 terrorsythe the Skirmisher (level 5, 0/42 HPs)
             Began as a Demonspawn Fighter on Mar 11, 2019.
             Succumbed to Crazy Yiuf's poison
             ... on level 3 of the Dungeon.
             The game lasted 00:05:11 (2104 turns).

terrorsythe the Skirmisher (Demonspawn Fighter)     Turns: 2104, Time: 00:05:11

Health: 0/42       AC: 15    Str: 17    XL:     5   Next: 51%
Magic:  5/5        EV:  7    Int: 10    God:
Gold:   184        SH:  9    Dex: 12    Spells: 4/4 levels left

rFire    . . .     SeeInvis .   s - +2 hand axe (elec)
rCold    . . .     Gourm    .   c - +0 shield
rNeg     . . .     Faith    .   b - +0 scale mail
rPois    .         Spirit   .   p - +0 helmet
rElec    .         Reflect  .   k - +0 cloak
rCorr    .         Harm     +   (no gloves)
MR       .....                  (no boots)
Stlth    ..........             x - amulet of harm
HPRegen  0.14/turn              (no ring)
MPRegen  0.09/turn              (no ring)

@: lethally poisoned (0 -> -20), sanguine armour
A: talons 2, sanguine armour 1
a: no special abilities


You were on level 3 of the Dungeon.
You were not hungry.

You visited 1 branch of the dungeon, and saw 3 of its levels.

You collected 184 gold pieces.

Inventory:

Hand Weapons
 a - a +0 war axe
 i - a +0 dagger of flaming
 s - a +2 hand axe of electrocution (weapon)
Armour
 b - a +0 scale mail (worn)
 c - a +0 shield (worn)
 k - a +0 cloak (worn)
 p - a +0 helmet (worn)
 w - a +0 chain mail
Jewellery
 x - an amulet of harm (around neck)
Scrolls
 g - 2 scrolls of identify
 h - a scroll of remove curse
 n - 2 scrolls of amnesia
 o - a scroll of enchant weapon
 q - a scroll of magic mapping {unknown}
 r - a scroll of teleportation {unknown}
Potions
 d - a potion of might
 e - 3 potions of haste
 l - a potion of cancellation {unknown}
 m - a potion of invisibility {unknown}
 t - a potion of curing {unknown}
 u - a potion of degeneration {unknown}
 v - 3 potions of heal wounds {unknown}
Comestibles
 f - 7 rations


   Skills:
 + Level 3.7 Fighting
 * Level 3.2 Axes
 + Level 3.4 Armour
 + Level 1.4 Dodging
 + Level 3.4 Shields


You had 4 spell levels left.
You didn't know any spells.
Your spell library contained the following spells:

 Spells                   Type           Power        Failure   Level  Hunger
 Animate Skeleton         Necr           N/A          99%         1    ##.....
 Apportation              Tloc           #.....       99%         1    ##.....
 Confusing Touch          Hex            #.....       99%         1    ##.....
 Summon Small Mammal      Summ           #...         99%         1    ##.....


Dungeon Overview and Level Annotations

Branches:
Dungeon (3/15)

Altars:

Annotations:
D:3 Crazy Yiuf


Innate Abilities, Weirdness & Mutations

You have razor-sharp toenails.
When seriously injured, your bleeding wounds create armour. (AC +6)


Message History

Crazy Yiuf whimpers, "Cod leg sing!"
Crazy Yiuf hits you but does no damage.
Crazy Yiuf hits you with a +4 quarterstaff of chaos.
You convulse.
Crazy Yiuf hits you with a +4 quarterstaff of chaos!
Crazy Yiuf freezes you. Crazy Yiuf hits you but does no damage.
Crazy Yiuf hits you with a +4 quarterstaff of chaos.
Crazy Yiuf burns you.
You turn to flesh and can move again.
You hit Crazy Yiuf. Your kick misses Crazy Yiuf.
Crazy Yiuf is severely wounded.
* * * LOW HITPOINT WARNING * * *
You feel sick.
Crazy Yiuf hits you with a +4 quarterstaff of chaos!
* * * LOW HITPOINT WARNING * * *
You are more poisoned.
You miss Crazy Yiuf.
Crazy Yiuf is severely wounded.
You die...

.#...#......#
#.......
...#...#....#
#.......
#.###.###..##
########
#...###...##
####
#.###.###.##
#####
#..#########
...#...#...#
#)..#
#..'........
##.......###
#...#
#..########.
#.......#
#.g.# #..# ##
#.......# #@#
#..# #
#########
♣.♣♣ #..#
####### ♣♣.♣
#..# #....#
♣.♣♣ #..#
#....#
#########
♣♣.♣ #..#
#....##
#.......#
♣♣.♣♣ #..#
#......
#.......#
♣♣.P.♣ ####
#......
###.......#
♣..♣P♣
#......
..........#
##..##
##..÷..


You could see Crazy Yiuf.

Vanquished Creatures
  An orc wizard (D:3)
  A hound (D:3)
  Jessica (D:3)
  5 adders
  2 worms
  4 dart slugs
  2 leopard geckos
  5 orcs (D:3)
  4 giant cockroaches
  6 goblins
  3 hobgoblins
  2 quokkas (D:3)
  9 bats
  2 frilled lizards
  9 kobolds
  3 rats
  2 bushes (D:3)
  A fungus (D:3)
62 creatures vanquished.

Notes
Turn   | Place    | Note
-------+----------+-------------------------------------------
     0 | D:1      | terrorsythe the Demonspawn Fighter began the quest for the
                  | Orb.
     0 | D:1      | Reached XP level 1. HP: 18/18 MP: 1/1
    71 | D:1      | Gained mutation: You have sharp toenails. [demonic
                  | ancestry]
    71 | D:1      | Reached XP level 2. HP: 15/24 MP: 2/2
   606 | D:2      | Gained mutation: When seriously injured, your bleeding
                  | wounds create armour. (AC +6) [demonic ancestry]
   606 | D:2      | Reached XP level 3. HP: 27/29 MP: 3/3
  1143 | D:3      | Gained mutation: You have razor-sharp toenails. [demonic
                  | ancestry]
  1143 | D:3      | Reached XP level 4. HP: 35/35 MP: 4/4
  1359 | D:3      | Noticed Jessica
  1361 | D:3      | Killed Jessica
  1361 | D:3      | Reached skill level 1 in Dodging
  1379 | D:3      | Reached XP level 5. HP: 38/41 MP: 5/5
  2084 | D:3      | Found a runed translucent door.
  2085 | D:3      | Noticed Crazy Yiuf
  2103 | D:3      | HP: 2/42 [Crazy Yiuf/+4 quarterstaff of chaos (9)]
  2104 | D:3      | Succumbed to Crazy Yiuf's poison

Levels and vault maps discovered:
D:1:      dpeg_arrival_three_same_balls, layout_rooms
D:2:      layout_rooms, minmay_3d_cube
D:3:      layout_basic, minmay_between, uniq_jessica, uniq_crazy_yiuf_cottage

Skill      XL: |  1  2  3  4 |
---------------+-------------+-----
Axes           | 2 3 |  3.2
Armour         | 3 |  3.4
Shields        | 3 |  3.4
Dodging        | 1 |  1.4
Fighting       | |  3.7

Action                   |  1- 3 |  4- 6 || total
-------------------------+-------+-------++-------
Melee: War axe           |    91 |       ||    91
       Kick              |    11 |    26 ||    37
       Hand axe          |     5 |    83 ||    88
  Use: Scroll            |       |     4 ||     4
  Eat: Chunk             |     1 |     3 ||     4
Armor: Scale mail        |    47 |    39 ||    86
Dodge: Dodged            |    38 |    22 ||    60
Block: Shield            |    58 |    21 ||    79

Table legend:
 A = Non-vault XP
 B = Vault XP
 C = Vault XP percentage of total XP
 D = Non-vault monster count
 E = Vault monster count
 F = Vault count percentage of total count
                 A         B        C        D         E       F
            +---------+---------+-------+---------+---------+-------
      Total |     239 |      52 |  17.9 |      52 |       7 |  11.9
            +---------+---------+-------+---------+---------+-------
        D:1 |      24 |       0 |   0.0 |      14 |       0 |   0.0
        D:2 |      62 |      10 |  13.9 |      14 |       4 |  22.2
        D:3 |     153 |      42 |  21.5 |      24 |       3 |  11.1
            +---------+---------+-------+---------+---------+-------
